[Event "Early-Titled-Tuesday-Blitz-January-23-2024"]
[Site "Chess.com"]
[Date "2024.01.23"]
[Round "2"]
[White "DavidGavrilescu18"]
[Black "N4700000"]
[Result "1-0"]
[WhiteElo "2828"]
[BlackElo "2415"]
[TimeControl "180+1"]
[EndTime "8:15:34 PST"]
[Termination "DavidGavrilescu18 won by resignation"]

1. e4 e6 2. d4 d5 3. e5 c5 4. c3 Nc6 5. Nf3 Nge7 6. Na3 cxd4 7. cxd4 Nf5 8. Nc2 Bd7 9. Bd3 Nb4 10.
Bxf5 exf5 11. Nxb4 Bxb4+ 12. Bd2 Be7 13. O-O g5 14.
Qb3 Bc6 15. Bb4 f4 16. Rfe1 g4 17. e6 f5 18. Ne5 O-O 19. Nf7 Qc7 20. Re5 a5 21.
Bxe7 Qxe7 22. Rae1 Qf6 23. Rxf5 1-0

[Event "Early-Titled-Tuesday-Blitz-January-23-2024"]
[Site "Chess.com"]
[Date "2024.01.23"]
[Round "2"]
[White "Alex_Sahakyan2006"]
[Black "UK_23"]
[Result "1-0"]
[WhiteElo "2707"]
[BlackElo "2392"]
[TimeControl "180+1"]
[EndTime "8:15:36 PST"]
[Termination "Alex_Sahakyan2006 won by resignation"]

1. d4 d5 2. c4 c6 3. cxd5 cxd5 4. Nc3 Nc6 5. Bf4 Nf6 6. e3 a6 7. Bd3 Bg4 8. Qb3 Na5 9. Qa4+ b5 10. Qc2 Rc8 11.
a3 Nc4 12. h3 Bh5 13. Nge2 Bg6 14. b3 Bxd3 15. Qxd3 Nd6 16. O-O e6 17. Na2 Nde4 18. a4 Qb6 19. Rfc1 Ra8 20. axb5 Qxb5 21. Qxb5+ axb5 22. Nac3 Rxa1 23. Rxa1 b4 24. Ra8+ Kd7 25. Na4 g5 26. Be5 Bg7 27. Ra7+ Ke8 28. f3 Nc3 29. Nexc3 bxc3 30. Nxc3 h5 31. Nb5 1-0

[Event "Early-Titled-Tuesday-Blitz-January-23-2024"]
[Site "Chess.com"]
[Date "2024.01.23"]
[Round "2"]
[White "Maus7"]
[Black "hsd2016"]
[Result "1-0"]
[WhiteElo "2516"]
[BlackElo "2277"]
[TimeControl "180+1"]
[EndTime "8:15:36 PST"]
[Termination "Maus7 won by checkmate"]

1. e4 c5 2. Nc3 e6 3. Nf3 a6 4. Be2 b5 5. O-O Bb7 6. d4 cxd4 7. Qxd4 Nc6 8. Qe3 Nf6 9. Rd1 Rc8 10. e5 Ng4 11.
Qf4 Nh6 12. a4 b4 13. Ne4 Be7 14. Nf6+ gxf6 15. Qxh6 Nxe5 16. Qg7 Ng6 17. Qh6 Rxc2 18. Nd4 Rc8 19. Be3 d5 20. Rac1 Bf8 21. Qh3 Bg7 22. Nxe6 fxe6 23. Qxe6+ Ne7 24. Bh5+ Kf8 25. Qf7# 1-0

[Event "Early-Titled-Tuesday-Blitz-January-23-2024"]
[Site "Chess.com"]
[Date "2024.01.23"]
[Round "2"]
[White "bubeliang"]
[Black "Nouali_Mohamed"]
[Result "1-0"]
[WhiteElo "2790"]
[BlackElo "2543"]
[TimeControl "180+1"]
[EndTime "8:15:39 PST"]
[Termination "bubeliang won on time"]

1. e4 c5 2. c3 d5 3. exd5 Qxd5 4. d4 Nc6 5. Nf3 Bg4 6. dxc5 Qxc5 7. Be3 Qh5 8. Be2 e6 9. h3 Nf6 10. O-O Bxh3 11.
Nh2 Qg6 12. Bf3 Be7 13. Bxc6+ bxc6 14. Qf3 Bxg2 15. Qxg2 Nd5 16. Nd2 Qxg2+ 17. Kxg2 Rb8 18. Nc4 Rb7 19. Nf3 f6 20. Nd4 Kf7 21. Nxc6 h6 22. Nxe7 Kxe7 23. Rad1 h5 24. Bc5+ Kd7 25. b4 h4 26. Na5 Rc7 27. c4 1-0

[Event "Early-Titled-Tuesday-Blitz-January-23-2024"]
[Site "Chess.com"]
[Date "2024.01.23"]
[Round "2"]
[White "chito89"]
[Black "CrimeFightingSpider07"]
[Result "1-0"]
[WhiteElo "2899"]
[BlackElo "2464"]
[TimeControl "180+1"]
[EndTime "8:15:39 PST"]
[Termination "chito89 won by resignation"]

1. Nf3 Nf6 2. c4 e6 3. b3 d5 4.
Bb2 Be7 5. e3 O-O 6. Nc3 b6 7.
cxd5 Nxd5 8. Nxd5 Qxd5 9. Qc2 c5 10. Bd3 Bb7 11. Bxh7+ Kh8 12. Bd3 Nc6 13. a3 Rad8 14. Bc4 Qd7 15. h4 Bf6 16. Ng5 Qxd2+ 17. Qxd2 Rxd2 18. Kxd2 Bxb2 19. Rad1 Bxa3 20. Ke2 Ne5 21. f3 Nxc4 22. bxc4 Ba6 23. Kd3 b5 24. Ra1 b4 25.
Rhd1 Rd8+ 26. Kc2 Rxd1 27. Rxd1 g6 28. Kb3 f6 29. Rd8+ 1-0

[Event "Early-Titled-Tuesday-Blitz-January-23-2024"]
[Site "Chess.com"]
[Date "2024.01.23"]
[Round "2"]
[White "fks_stal_mielec"]
[Black "RaugintaBulba"]
[Result "1-0"]
[WhiteElo "2253"]
[BlackElo "2482"]
[TimeControl "180+1"]
[EndTime "8:15:43 PST"]
[Termination "fks_stal_mielec won by resignation"]

1. e4 c5 2. c4 g6 3. g3 Bg7 4. Bg2 Nc6 5. Nc3 e6 6. d3 Nge7 7. Nge2 O-O 8. O-O a6 9. f4 d6 10.
a4 Nd4 11. Be3 Nec6 12. Bxd4 Nxd4 13. Nxd4 cxd4 14. Ne2 Rb8 15. Qc2 b5 16. axb5 axb5 17. b3 Qb6 18. Rfb1 Bd7 19. Qd2 bxc4 20. bxc4 Qxb1+ 21. Rxb1 Rxb1+ 22. Kf2 Rfb8 23. Qa5 R1b7 24. e5 Rb3 25.
Qc7 Re8 26. Qxd7 Rf8 1-0

[Event "Early-Titled-Tuesday-Blitz-January-23-2024"]
[Site "Chess.com"]
[Date "2024.01.23"]
[Round "2"]
[White "Young_Catalan_Player09"]
[Black "Genghis_K"]
[Result "0-1"]
[WhiteElo "2563"]
[BlackElo "2851"]
[TimeControl "180+1"]
[EndTime "8:15:44 PST"]
[Termination "Genghis_K won by checkmate"]

1. Nf3 Nf6 2. d4 d5 3. Bf4 c5 4. e3 Nc6 5. Nbd2 e6 6. c3 Be7 7. Bd3 Nh5 8. Be5 f6 9. Bg3 Qb6 10. Qc2 g6 11. O-O Bd7 12. dxc5 Qxc5 13. e4 Nxg3 14.
hxg3 dxe4 15. Nxe4 Qb6 16. Rad1 O-O-O 17. Bc4 e5 18.
Qb3 Qxb3 19. axb3 Bf5 20. Nfd2 Na5 21. f3 Nxc4 22. Nxc4 Kc7 23. Kf2 Be6 24. Ne3 Bxb3 25. Rxd8 Rxd8 26. Rh1 f5 27. Rxh7 Rd7 28. Rxe7 Rxe7 29.
Nc5 Bf7 30. b4 b6 31. Nd3 a5 32. Nc2 Bc4 33. Nb2 Bb3 34. Na1 a4 35. Nxb3 axb3 36. Nc4 b5 37. Nd2 b2 38. Ke2 e4 39. Nb1 e3 40.
Na3 Kc6 41. c4 bxc4 42. Nxc4 b1=Q 43. Nd2 Qc2 44. b5+ Kxb5 45. Kf1 Qd1# 0-1

[Event "Early-Titled-Tuesday-Blitz-January-23-2024"]
[Site "Chess.com"]
[Date "2024.01.23"]
[Round "2"]
[White "Ural_bogatyr"]
[Black "iwanyu"]
[Result "0-1"]
[WhiteElo "2539"]
[BlackElo "2779"]
[TimeControl "180+1"]
[EndTime "8:15:45 PST"]
[Termination "iwanyu won by resignation"]

1. d4 Nf6 2. Nc3 c5 3. dxc5 e6 4. e4 Nc6 5. Be3 Qa5 6. Bd3 Bxc5 7. Bxc5 Qxc5 8. Nf3 O-O 9. O-O d6 10. a3 e5 11. h3 a6 12. Re1 h6 13. Qd2 Be6 14. Rad1 Rfd8 15. b4 Qb6 16. Na4 Qc7 17. c4 Ne7 18.
Rc1 Ng6 19. Bf1 Qc6 20. Nc3 Rac8 21. Nd5 Bxd5 22. exd5 Qa4 23. Qe3 b5 24. g3 bxc4 25. Bxc4 Ne7 26. Red1 Rxc4 0-1

[Event "Early-Titled-Tuesday-Blitz-January-23-2024"]
[Site "Chess.com"]
[Date "2024.01.23"]
[Round "2"]
[White "brm72"]
[Black "Matols"]
[Result "1-0"]
[WhiteElo "2689"]
[BlackElo "2383"]
[TimeControl "180+1"]
[EndTime "8:15:45 PST"]
[Termination "brm72 won by resignation"]

1. e4 c6 2. d4 d5 3. e5 c5 4. dxc5 e6 5. a3 Bxc5 6. Nf3 f6 7. Bd3 Nd7 8. Qe2 fxe5 9. Nxe5 Nxe5 10. Qxe5 Qf6 11.
Bb5+ Bd7 12. Bxd7+ Kxd7 13. Qe2 Ne7 14. O-O Nc6 15. Be3 Bxe3 16. Qxe3 Raf8 17. Nd2 Qf4 18. Qd3 Qd4 19. Qe2 Rf6 20. c4 Rhf8 21. Rad1 Kc8 22. cxd5 exd5 23. b4 Kb8 24. Nb3 Qc4 25. Qb2 Ne7 26. Nc5 Ka8 27. Nd7 g5 28. Nxf6 1-0

[Event "Early-Titled-Tuesday-Blitz-January-23-2024"]
[Site "Chess.com"]
[Date "2024.01.23"]
[Round "2"]
[White "TigrVShlyape"]
[Black "Sanyura"]
[Result "1/2-1/2"]
[WhiteElo "2931"]
[BlackElo "2614"]
[TimeControl "180+1"]
[EndTime "8:15:48 PST"]
[Termination "Game drawn by repetition"]

1. e4 c6 2. d4 d5 3. exd5 cxd5 4. Bd3 Nc6 5. c3 Qc7 6. Ne2 Bg4 7. O-O e6 8. Qe1 Bd6 9. f3 Bh5 10. Qh4 Bg6 11.
Bxg6 fxg6 12. Bf4 Nf6 13. Bxd6 Qxd6 14. Nd2 O-O-O 15. Qg3 Qxg3 16. hxg3 e5 17. dxe5 Nxe5 18.
Nd4 Rhe8 19. Rab1 Nh5 20. Kh2 Nd3 21. N2b3 Re3 22. Rfd1 Ne5 23. g4 Nf4 24. Kg3 g5 25.
Re1 Rxe1 26. Rxe1 Ned3 27. Re7 Rd7 28. Re8+ Rd8 29. Re7 Rd7 30. Re8+ Rd8 31. Re7 1/2-1/2

[Event "Early-Titled-Tuesday-Blitz-January-23-2024"]
[Site "Chess.com"]
[Date "2024.01.23"]
[Round "2"]
[White "colegiodemadrid"]
[Black "Larina_Maria"]
[Result "1-0"]
[WhiteElo "2472"]
[BlackElo "2173"]
[TimeControl "180+1"]
[EndTime "8:15:48 PST"]
[Termination "colegiodemadrid won by checkmate"]

1. Nf3 f5 2. d3 d6 3. e4 e5 4.
exf5 Bxf5 5. d4 e4 6. Ng5 Nf6 7. Nc3 d5 8. f3 Bb4 9. fxe4 Nxe4 10. Nxe4 Bxe4 11. Qh5+ Bg6 12. Qe5+ Qe7 13. Qxe7+ Kxe7 14. Bg5+ Kd6 15. Bf4+ Kd7 16. O-O-O Bxc3 17. bxc3 Rf8 18.
g3 c6 19. c4 Be4 20. Rg1 Na6 21. cxd5 cxd5 22. Bh3+ Bf5 23. Bxf5+ Rxf5 24. a3 Rc8 25.
Kb2 g5 26. Be5 Rf2 27. Rc1 Nc7 28. Rgf1 Rxh2 29. Rf7+ Kd8 30. Bf6+ Ke8 31. Re7+ Kf8 32.
Rf1 Ne6 33. Rxe6 Rcxc2+ 34. Kb3 Rb2+ 35. Ka4 b5+ 36. Ka5 Ra2 37. Be7+ Ke8 38. Bc5+ Kd7 39. Re7+ Kd8 40. Rf8# 1-0

[Event "Early-Titled-Tuesday-Blitz-January-23-2024"]
[Site "Chess.com"]
[Date "2024.01.23"]
[Round "2"]
[White "doctorcristian"]
[Black "gmcorrales"]
[Result "0-1"]
[WhiteElo "2607"]
[BlackElo "2942"]
[TimeControl "180+1"]
[EndTime "8:15:49 PST"]
[Termination "gmcorrales won by resignation"]

1. d4 Nf6 2. Nc3 d5 3. Bf4 c6 4. e3 Nbd7 5. h3 b5 6. Nf3 Nb6 7. Bd3 Bb7 8. a4 b4 9. Nb1 a5 10. Nbd2 e6 11. Nb3 Be7 12. O-O O-O 13. c3 Nbd7 14.
c4 c5 15. dxc5 Nxc5 16. Nxc5 Bxc5 17. Rc1 dxc4 18. Rxc4 Bxf3 19. Qxf3 Qxd3 20. Rxc5 Ne4 21. Rd1 Nxc5 22. Rxd3 Nxd3 23. Bd6 Rfc8 24. Kh2 Nxb2 25. Be5 Nc4 26. Bxg7 Kxg7 27. Qg4+ Kf8 28. Qh4 b3 29. Qh6+ Ke8 30. Qxh7 b2 31. Qh8+ Ke7 32. Qh4+ f6 33. Qh7+ Kd6 34. Qd3+ Kc5 35. Qd4+ Kb4 36. Qe4 Rab8 37.
Qb1 Kc3 38. Qe1+ Nd2 39. e4 b1=Q 40. Qe3+ Qd3 41. Qe1 Rb1 0-1

[Event "Early-Titled-Tuesday-Blitz-January-23-2024"]
[Site "Chess.com"]
[Date "2024.01.23"]
[Round "2"]
[White "AsterPhoenix"]
[Black "alexrustemov"]
[Result "0-1"]
[WhiteElo "2584"]
[BlackElo "2885"]
[TimeControl "180+1"]
[EndTime "8:15:51 PST"]
[Termination "alexrustemov won by resignation"]

1. e4 e6 2. d4 d5 3. Nc3 dxe4 4.
Nxe4 Bd7 5. Nf3 Bc6 6. Bd3 Nd7 7.
c3 Ngf6 8. Ng3 Be7 9. O-O O-O 10. Re1 b6 11. a4 Bb7 12. h3 c5 13. a5 bxa5 14. Bb1 Bxf3 15. Qxf3 cxd4 16. cxd4 Nd5 17.
Qd3 N7f6 18. Bd2 Bb4 19. Ne4 Bxd2 20. Qxd2 Rb8 21. Bd3 Rb4 22. Bf1 Qb6 23. Nxf6+ Nxf6 24. Re5 a4 25. Qc3 Nd5 26. Qc5 Rxd4 27. Qc2 g6 28.
Rxa4 Rxa4 29. Qxa4 Qxb2 30. Qxa7 Qxe5 0-1

[Event "Early-Titled-Tuesday-Blitz-January-23-2024"]
[Site "Chess.com"]
[Date "2024.01.23"]
[Round "2"]
[White "BJthechessgod"]
[Black "ContrVersia"]
[Result "0-1"]
[WhiteElo "2420"]
[BlackElo "2839"]
[TimeControl "180+1"]
[EndTime "8:15:52 PST"]
[Termination "ContrVersia won on time"]

1. e4 d6 2. d4 g6 3. Nc3 Bg7 4. Be3 c6 5. Qd2 Nf6 6. Bh6 Bxh6 7. Qxh6 e5 8. O-O-O Qe7 9. f3 b5 10. g4 a6 11. h4 Nbd7 12. Nh3 Nb6 13. h5 Bb7 14.
hxg6 fxg6 15. dxe5 dxe5 16. Ng5 Nbd7 17. Kb1 O-O-O 18. Qh2 h5 19. gxh5 Rxh5 20. Bh3 Rxg5 21. Qd2 Rh5 22. Ne2 Kc7 23. Qa5+ Nb6 24. Rxd8 Qxd8 0-1

[Event "Early-Titled-Tuesday-Blitz-January-23-2024"]
[Site "Chess.com"]
[Date "2024.01.23"]
[Round "2"]
[White "Nechitaylo_Nikita"]
[Black "Airquake"]
[Result "0-1"]
[WhiteElo "2319"]
[BlackElo "2535"]
[TimeControl "180+1"]
[EndTime "8:15:52 PST"]
[Termination "Airquake won on time"]

1. d4 Nf6 2. c4 e6 3. Nc3 d5 4. cxd5 exd5 5. Bg5 Nbd7 6. e3 h6 7. Bh4 Be7 8. Bd3 O-O 9. Qc2 b6 10. Nf3 Bb7 11. O-O c5 12. dxc5 bxc5 13. Rfd1 d4 14.
exd4 Bxf3 15. gxf3 cxd4 16. Ne2 Ne5 17. Bxf6 Bxf6 18. Nxd4 Qxd4 19. Bh7+ Kh8 20. Rxd4 Nxf3+ 21. Kg2 Nxd4 22. Qd3 g6 23. Qa6 Kg7 24. Rd1 Rfd8 25.
f4 Nf5 26. Rc1 Rd2+ 27. Kh1 Re8 28. Qxa7 Ree2 0-1

[Event "Early-Titled-Tuesday-Blitz-January-23-2024"]
[Site "Chess.com"]
[Date "2024.01.23"]
[Round "2"]
[White "Cheer_Down"]
[Black "Yushko_Olga"]
[Result "0-1"]
[WhiteElo "2436"]
[BlackElo "2154"]
[TimeControl "180+1"]
[EndTime "8:15:52 PST"]
[Termination "Yushko_Olga won by resignation"]

1. e4 g6 2. d4 Bg7 3. Nc3 d6 4.
Nf3 Nf6 5. Be2 O-O 6. O-O c6 7. e5 dxe5 8. dxe5 Nfd7 9. Bf4 Qc7 10.
Qd4 e6 11. h4 c5 12. Qe3 Nc6 13. Nb5 Qb6 14. a4 a6 15. Nd6 Nd4 16. Nxd4 cxd4 17.
Qg3 Qc5 18. b4 Qxb4 19. Rfb1 Qc5 20. Ne4 Qxc2 21. Bd3 Qc6 22. Rc1 Qd5 23. h5 Bxe5 24. hxg6 fxg6 25. Bxe5 Qxe5 26. Qh4 Qf4 27. Qh3 Ne5 28.
Bc4 0-1

[Event "Early-Titled-Tuesday-Blitz-January-23-2024"]
[Site "Chess.com"]
[Date "2024.01.23"]
[Round "2"]
[White "quvnoq_muxlis"]
[Black "esrosenberg"]
[Result "1-0"]
[WhiteElo "2666"]
[BlackElo "2353"]
[TimeControl "180+1"]
[EndTime "8:15:53 PST"]
[Termination "quvnoq_muxlis won by resignation"]

1. e4 g6 2. d4 Bg7 3. Nc3 d5 4. Nxd5 c6 5. Nc3 Qxd4 6. Qxd4 Bxd4 7. Nge2 Bg7 8. Be3 Nf6 9. f3 O-O 10. O-O-O Nbd7 11. Nf4 Ne5 12. Kb1 a5 13. Na4 b5 14.
Nb6 Rb8 15. a4 bxa4 16. Nxa4 g5 17. Nd3 Nc4 18. Bxg5 Rb5 19. Ndc5 Rb4 20. c3 Rxa4 21. Nxa4 Ne5 22. Nc5 Re8 23. Bf4 Ned7 24. Nxd7 Bxd7 25. Bc4 c5 26. Rxd7 Nxd7 27. Bb5 Rd8 28. Rd1 1-0

[Event "Early-Titled-Tuesday-Blitz-January-23-2024"]
[Site "Chess.com"]
[Date "2024.01.23"]
[Round "2"]
[White "Giorno"]
[Black "Chempiblinka"]
[Result "1-0"]
[WhiteElo "2534"]
[BlackElo "2318"]
[TimeControl "180+1"]
[EndTime "8:15:53 PST"]
[Termination "Giorno won by resignation"]

1. e4 c5 2. Be2 g6 3. f4 Bg7 4. Nf3 e6 5. O-O Ne7 6. c3 O-O 7. Na3 Nbc6 8. Kh1 d5 9. e5 a6 10. d4 c4 11. Nc2 b5 12. g4 a5 13. Ne3 b4 14. Qe1 Qb6 15. Qh4 a4 16. a3 bxc3 17.
bxc3 Na5 18. Qxe7 Nb3 19. Rb1 f5 20. Qh4 fxg4 21. Nxg4 Rf5 22. Ng5 h5 23. Ne3 Rf8 24. Bxh5 gxh5 25. Qxh5 Rd8 26. Qf7+ Kh8 27. Rf3 1-0

[Event "Early-Titled-Tuesday-Blitz-January-23-2024"]
[Site "Chess.com"]
[Date "2024.01.23"]
[Round "2"]
[White "dmosesov"]
[Black "DenLaz"]
[Result "0-1"]
[WhiteElo "2640"]
[BlackElo "3081"]
[TimeControl "180+1"]
[EndTime "8:15:54 PST"]
[Termination "DenLaz won by resignation"]

1. Nf3 d5 2. c4 e6 3. g3 Nf6 4. Bg2 Be7 5. O-O O-O 6. b3 d4 7.
e3 c5 8. exd4 cxd4 9. d3 Nc6 10.
Re1 Re8 11. a3 a5 12. Ne5 Nxe5 13. Rxe5 Qc7 14. Rb5 e5 15. b4 axb4 16. Bb2 bxa3 17. Nxa3 Ra6 18. Rb3 b6 19. Nb5 Rxa1 20. Qxa1 Qd8 21.
Qa7 Bc5 22. Ba3 e4 23. Bxc5 bxc5 24. dxe4 d3 25. Rb1 Nxe4 26. Bxe4 Rxe4 27. Qxc5 d2 28. Nc3 Re1+ 0-1

[Event "Early-Titled-Tuesday-Blitz-January-23-2024"]
[Site "Chess.com"]
[Date "2024.01.23"]
[Round "2"]
[White "ozates"]
[Black "SpeedofLight0"]
[Result "1/2-1/2"]
[WhiteElo "2606"]
[BlackElo "2897"]
[TimeControl "180+1"]
[EndTime "8:15:55 PST"]
[Termination "Game drawn by repetition"]

1. e4 c5 2. Nf3 d6 3. Bb5+ Bd7 4.
Bxd7+ Qxd7 5. O-O Nf6 6. Qe2 Nc6 7. Rd1 e6 8. d4 cxd4 9. Nxd4 Be7 10. c4 O-O 11. Nc3 Rac8 12. b3 Qc7 13. Ba3 Qa5 14. Bb2 Rfd8 15. Rd2 Ne5 16. Rad1 Ng6 17. g3 Qg5 18.
Kh1 a6 19. f4 Qg4 20. Qxg4 Nxg4 21. Re1 Nf6 22. Kg2 h5 23. Kf3 Kf8 24. h3 Ke8 25. Red1 Nh7 26. h4 Nf6 27. a4 Ng4 28. Ba3 Bf6 29.
Nde2 Nh2+ 30. Kg2 Ng4 31. Kf3 Nh2+ 32. Kg2 Ng4 33. Kf3 1/2-1/2

[Event "Early-Titled-Tuesday-Blitz-January-23-2024"]
[Site "Chess.com"]
[Date "2024.01.23"]
[Round "2"]
[White "AsselLesbekova"]
[Black "RantomOpening"]
[Result "0-1"]
[WhiteElo "2290"]
[BlackElo "2522"]
[TimeControl "180+1"]
[EndTime "8:15:55 PST"]
[Termination "RantomOpening won by resignation"]

1. e4 c5 2. Nf3 e6 3. g3 Nc6 4.
Bg2 Nf6 5. Nc3 d5 6. exd5 exd5 7. d4 cxd4 8. Nxd4 Bg4 9. Qd2 Qe7+ 10. Kf1 Qd7 11. h3 Be6 12. Bf3 Bxh3+ 13. Kg1 Be7 14. Nde2 d4 15. Bxc6 Qxc6 16. Rxh3 dxc3 17. Qxc3 Qd7 18.
Kg2 O-O 19. Qd4 Qc6+ 20. Kh2 Qxc2 21. Nc3 Rad8 22. Qe3 Ng4+ 0-1

[Event "Early-Titled-Tuesday-Blitz-January-23-2024"]
[Site "Chess.com"]
[Date "2024.01.23"]
[Round "2"]
[White "mishanick"]
[Black "Dacean99"]
[Result "1-0"]
[WhiteElo "3069"]
[BlackElo "2638"]
[TimeControl "180+1"]
[EndTime "8:15:56 PST"]
[Termination "mishanick won by resignation"]

1. d4 d5 2. c4 dxc4 3. Nf3 Nf6 4. e3 e6 5. Bxc4 c5 6. O-O a6 7. Nc3 b5 8. Bb3 Bb7 9. e4 cxd4 10. Nxd4 Nbd7 11. Be3 Bc5 12. Bxe6 O-O 13. Bxd7 Qxd7 14. f3 Rad8 15. Nce2 Rfe8 16. Qb3 a5 17. Rad1 a4 18. Qc3 Rc8 19. Ng3 b4 20. Qd2 Ba6 21. Rfe1 b3 22. axb3 axb3 23. Ngf5 Bc4 24. Qf2 Bb4 25. Bd2 Bxd2 26. Rxd2 Qa7 27. Nxg7 Red8 28. Ngf5 Kh8 29. Qg3 Rg8 30. Qe5 Rc6 31. Kh1 Qb8 32. Qxb8 Rxb8 33. Nxc6 1-0

[Event "Early-Titled-Tuesday-Blitz-January-23-2024"]
[Site "Chess.com"]
[Date "2024.01.23"]
[Round "2"]
[White "jk13"]
[Black "KorolDimitriy75"]
[Result "1-0"]
[WhiteElo "2658"]
[BlackElo "2370"]
[TimeControl "180+1"]
[EndTime "8:16:03 PST"]
[Termination "jk13 won by resignation"]

1. c4 c5 2. Nc3 g6 3. g3 Bg7 4. Bg2 Nc6 5. d3 Nh6 6. h4 Ng4 7. h5 O-O 8. Nf3 h6 9. hxg6 fxg6 10.
Bd2 d6 11. a3 a6 12. Qc1 g5 13. Nd1 e5 14. Nxg5 hxg5 15. Bd5+ Rf7 16. Bxf7+ Kxf7 17. Bxg5 Qe8 18. f3 Nf6 19. Bxf6 Kxf6 20. Nc3 Nd4 21.
Ne4+ Kf7 22. Nxd6+ 1-0

[Event "Early-Titled-Tuesday-Blitz-January-23-2024"]
[Site "Chess.com"]
[Date "2024.01.23"]
[Round "2"]
[White "DarkAlekhine"]
[Black "medalja"]
[Result "1-0"]
[WhiteElo "2713"]
[BlackElo "2385"]
[TimeControl "180+1"]
[EndTime "8:16:08 PST"]
[Termination "DarkAlekhine won by resignation"]

1. e4 d5 2. exd5 Qxd5 3. Nc3 Qd6 4. d4 c6 5. Nf3 g6 6. g3 Bg7 7. Bf4 Qb4 8. Qd2 Bf5 9. O-O-O e6 10. a3 Qa5 11. h3 h5 12. Bc4 Ne7 13. Ne5 b5 14. Bb3 f6 15. Nd3 g5 16. Bd6 Qd8 17. Bxe7 Qxe7 18.
Nc5 Nd7 19. Nxe6 Bxe6 20. Bxe6 Qxe6 21. Rhe1 Ne5 22. dxe5 O-O 23. Qd6 Rae8 24. Qxe6+ Rxe6 25. exf6 Rfxf6 26. Ne4 Rg6 27. Rd8+ Bf8 28. g4 hxg4 29. hxg4 c5 30. f3 c4 31. Red1 Kf7 32. R1d5 Re8 33.
Rf5+ Kg8 34. Rxe8 1-0

[Event "Early-Titled-Tuesday-Blitz-January-23-2024"]
[Site "Chess.com"]
[Date "2024.01.23"]
[Round "2"]
[White "stratacticos"]
[Black "s4p0ud"]
[Result "0-1"]
[WhiteElo "2018"]
[BlackElo "2448"]
[TimeControl "180+1"]
[EndTime "8:16:10 PST"]
[Termination "s4p0ud won by resignation"]

1. e4 c5 2. Nf3 g6 3. c3 d5 4.
exd5 Qxd5 5. Na3 Bg7 6. Be2 Nf6 7. O-O O-O 8. d4 cxd4 9. Nb5 Na6 10. cxd4 Bg4 11. Nc3 Qd6 12. h3 Bf5 13. Bg5 Nb4 14.
Qd2 Nbd5 15. Rad1 Rac8 16. Rfe1 Nxc3 17. bxc3 Ne4 18. Qe3 Rxc3 19. Rd3 Rxd3 20. Bxd3 Nxg5 21. Nxg5 Bxd4 22. Qf3 Bxd3 23. Qxd3 Bxf2+ 0-1

[Event "Early-Titled-Tuesday-Blitz-January-23-2024"]
[Site "Chess.com"]
[Date "2024.01.23"]
[Round "2"]
[White "sergoy"]
[Black "SmirnovAlexandrA"]
[Result "1-0"]
[WhiteElo "3019"]
[BlackElo "2628"]
[TimeControl "180+1"]
[EndTime "8:16:12 PST"]
[Termination "sergoy won by resignation"]

1. d4 Nf6 2. c4 g6 3. Nc3 Bg7 4. e4 d6 5. Nf3 O-O 6. Be2 c5 7. d5 e6 8. O-O exd5 9. cxd5 Re8 10. Nd2 a6 11. a4 Nbd7 12. h3 Qc7 13. Re1 b6 14. Bf1 Bb7 15. Nc4 Ne5 16. Nxe5 Rxe5 17. Bf4 Re7 18. e5 Rxe5 19. Bxe5 dxe5 20. Rc1 Rd8 21. Bc4 Ne8 22. Ne4 h6 23. Ba2 Qb8 24. Qf3 f5 25. Ng3 e4 26. Qe2 Kh7 27. h4 h5 28. Nxh5 gxh5 29. Qxh5+ Bh6 30. Qxf5+ Kh8 31. Rxe4 Nd6 32. Qh5 Kh7 33. Re6 1-0

[Event "Early-Titled-Tuesday-Blitz-January-23-2024"]
[Site "Chess.com"]
[Date "2024.01.23"]
[Round "2"]
[White "NovakRatko"]
[Black "Djager97"]
[Result "1/2-1/2"]
[WhiteElo "2353"]
[BlackElo "2585"]
[TimeControl "180+1"]
[EndTime "8:16:13 PST"]
[Termination "Game drawn by repetition"]

1. d4 d5 2. c4 e6 3. cxd5 exd5 4. Nc3 Nf6 5. Bg5 Be7 6. f3 O-O 7. e3 c5 8. Bd3 Nc6 9. Nge2 h6 10. Bh4 c4 11.
Bc2 b5 12. a3 b4 13. axb4 Nxb4 14. O-O Nxc2 15. Qxc2 Re8 16. Bf2 Bf8 17. h3 Qb6 18. e4 dxe4 19. fxe4 Rb8 20. e5 Nh7 21. Rfb1 Ng5 22. d5 Bc5 23. Bxc5 Qxc5+ 24. Kh1 Rxe5 25. Qa4 Bf5 26. Rf1 Rxb2 27. Qxa7 Qxa7 28. Rxa7 Bd3 29. h4 Ne4 30. Rfxf7 Bxe2 31. Rxg7+ Kh8 32. Rh7+ Kg8 33.
Rag7+ Kf8 34. Ra7 Kg8 35. Rag7+ Kf8 36. Ra7 Kg8 1/2-1/2

[Event "Early-Titled-Tuesday-Blitz-January-23-2024"]
[Site "Chess.com"]
[Date "2024.01.23"]
[Round "2"]
[White "hakanazeri2"]
[Black "snowlord"]
[Result "0-1"]
[WhiteElo "2576"]
[BlackElo "2869"]
[TimeControl "180+1"]
[EndTime "8:16:14 PST"]
[Termination "snowlord won on time"]

1. Nf3 Nc6 2. c4 e5 3. Nc3 Bb4 4. Qc2 b6 5. Nd5 Bb7 6. Nxb4 Nxb4 7. Qc3 a5 8. Qxe5+ Kf8 9. Qc3 Qf6 10. Kd1 Qg6 11.
a3 Bxf3 12. gxf3 Nc6 13. d4 Nf6 14. d5 Ne7 15. e4 Qh5 16. Be2 Qh4 17. Be3 Ng6 18.
Kc2 d6 19. Rag1 a4 20. Rg3 Nxe4 21. fxe4 Qxe4+ 22. Bd3 Qxh1 23. Bd4 Rg8 24. Bxg6 hxg6 25. Rf3 Re8 26. Qd3 Qg2 27. Be3 Qxf3 0-1

[Event "Early-Titled-Tuesday-Blitz-January-23-2024"]
[Site "Chess.com"]
[Date "2024.01.23"]
[Round "2"]
[White "Sam_ChessMood"]
[Black "HajiyevKanan"]
[Result "1-0"]
[WhiteElo "2919"]
[BlackElo "2602"]
[TimeControl "180+1"]
[EndTime "8:16:16 PST"]
[Termination "Sam_ChessMood won by resignation"]

1. d4 d5 2. c4 c6 3. Nf3 Nf6 4.
Nc3 a6 5. g3 g6 6. Bg2 Bg7 7.
O-O O-O 8. Qb3 Ne4 9. Rd1 b5 10.
cxd5 Nxc3 11. bxc3 cxd5 12. Ne5 e6 13. a4 Bb7 14. axb5 axb5 15. Rxa8 Bxa8 16. Qxb5 Bxe5 17. dxe5 Nd7 18. Ba3 Re8 19. Bd6 Qc8 20. h4 Bc6 21. Qb4 f5 22. h5 g5 23. Ra1 Kg7 24. Ra7 Kh6 25. g4 Rg8 26. c4 dxc4 27. Rc7 Qa8 28. Bxc6 Qa1+ 29. Kg2 fxg4 30. Rxd7 Rf8 31. Bxf8+ 1-0

[Event "Early-Titled-Tuesday-Blitz-January-23-2024"]
[Site "Chess.com"]
[Date "2024.01.23"]
[Round "2"]
[White "inneremptiness"]
[Black "Let_it_be_1"]
[Result "1-0"]
[WhiteElo "2891"]
[BlackElo "2588"]
[TimeControl "180+1"]
[EndTime "8:16:16 PST"]
[Termination "inneremptiness won by checkmate"]

1. Nf3 d5 2. d4 e6 3. c4 Nf6 4. Nc3 Be7 5. Bf4 O-O 6. a3 Nbd7 7. Nb5 Ne8 8. e3 a6 9. Nc3 Nef6 10. Bd3 dxc4 11. Bxc4 b5 12. Bd3 Bb7 13. O-O c5 14.
Rc1 Rc8 15. Bb1 Qb6 16. Qe2 Rfd8 17. Rfd1 cxd4 18. exd4 Nd5 19. Nxd5 Bxd5 20. Ne5 Nf6 21. Be3 Qb7 22. f3 Rxc1 23. Rxc1 Rc8 24. Re1 b4 25. axb4 Bxb4 26. Rc1 Rxc1+ 27. Bxc1 Qc7 28. Be3 Bb7 29. Qd3 g6 30. h4 Nd5 31. Bh6 Bd6 32. Qe2 Ne7 33.
Ng4 Bf4 34. Bxf4 Qxf4 35. Qe5 Qc1+ 36. Kh2 Qxb1 37. Nh6+ Kf8 38. Qh8+ Ng8 39. Qxg8+ Ke7 40. Qxf7+ Kd6 41. Qxb7 Qc1 42. Nf7# 1-0